 Dungeon Crawl Stone Soup version 0.25-a0-589-g1e14c549ee (webtiles) character file.

Game seed: 2619077482924441741, levelgen mode: deterministic

326 Eurus the Skirmisher (level 6, -4/48 HPs)
             Began as a Demonspawn Fighter on Mar 12, 2020.
             Killed from afar by an orc wizard (6 damage)
             ... with a puff of flame
             ... on level 3 of the Dungeon.
             The game lasted 00:09:15 (3197 turns).

Eurus the Skirmisher (Demonspawn Fighter)           Turns: 3197, Time: 00:09:15

Health: -4/48      AC:  8    Str: 18    XL:     6   Next: 24%
Magic:  6/6        EV:  7    Int: 10    God:
Gold:   123        SH:  0    Dex: 12    Spells: 5/5 levels left

rFire    . . .     SeeInvis .   s - +2 mace (protect)
rCold    . . .     Gourm    .   c - +0 kite shield
rNeg     . . .     Faith    .   b - +0 scale mail
rPois    .         Spirit   .   a - +0 helmet
rElec    .         Reflect  .   (no cloak)
rCorr    .         Harm     .   (no gloves)
MR       .....                  (no boots)
Stlth    ..........             (no amulet)
HPRegen  0.16/turn              (no ring)
MPRegen  0.10/turn              (no ring)

@: confused
A: hooves 2, large bone plates 1
a: no special abilities


You were on level 3 of the Dungeon.
You were not hungry.

You visited 1 branch of the dungeon, and saw 3 of its levels.

You collected 123 gold pieces.

Inventory:

Hand Weapons
 s - a +2 mace of protection (weapon)
Armour
 a - a +0 helmet (worn)
 b - a +0 scale mail (worn)
 c - a +0 kite shield (worn)
Jewellery
 p - a +3 ring of evasion {unknown}
Scrolls
 e - 2 scrolls of remove curse {unknown}
 h - a scroll of amnesia {unknown}
 k - 6 scrolls of identify {unknown}
 l - a scroll of teleportation {unknown}
 m - a scroll of blinking {unknown}
 n - 2 scrolls of enchant armour {unknown}
 o - 2 scrolls of fog {unknown}
 q - a scroll of immolation {unknown}
 t - a scroll of random uselessness {unknown}
Potions
 d - 3 potions of might
 i - 2 potions of heal wounds
 j - a potion of curing
 r - a potion of brilliance {unknown}
Comestibles
 f - 5 rations
 g - 5 chunks of flesh


   Skills:
 + Level 4.1 Fighting
 * Level 4.0 Maces & Flails
 + Level 3.6 Armour
 + Level 3.7 Shields


You had 5 spell levels left.
You didn't know any spells.
Your spell library contained the following spells:

 Spells                   Type           Power        Failure   Level  Hunger
 Confusing Touch          Hex            #.......     100%        3    ####...
 Gell's Gravitas          Tloc           #.........   100%        3    ####...
 Petrify                  Tmut/Erth      #.......     100%        4    #####..
 Metabolic Englaciation   Hex/Ice        #.........   100%        5    ######.
 Yara's Violent Unravell  Hex/Tmut       #.........   100%        5    ######.


Dungeon Overview and Level Annotations

Branches:
Dungeon (3/15)

Altars:
Ashenzari
Nemelex Xobeh
Okawaru
Yredelemnul


Innate Abilities, Weirdness & Mutations

You have hoof-like feet.
You are partially covered in large bone plates. (SH +4)


Message History

A magic dart appears from out of thin air!
The magic dart hits you but does no damage.
You don't know any spells.
Sorry, you're not good enough to have a special ability.
Unknown command.
Something hits you but does no damage. Something hits you.
* * * LOW HITPOINT WARNING * * *
Something hits you but does no damage.
There is an open door here.
An orc wizard appears from thin air!
Reactivating autopickup.
You completely miss the orc wizard. You kick the orc wizard.
The orc wizard is heavily wounded.
The orc wizard casts a spell at you.
You are confused.
You bump into the rock wall.
The orc wizard casts a spell at you. The puff of flame hits you.
You die...

#.......((.)(_......#
#......รท####...#.####
#.......# ##.##.##..
#...>...# #....##..
#.......# #.#####..
#.......# #.# ###
####'#### #.. #o# ###
#@# #.# ... .....
......+ .......#
#########


You could see an orc wizard.

Vanquished Creatures
  An orc priest (D:2)
  An orc wizard (D:3)
  Jessica (D:2)
  Ijyb (D:3)
  Robin (D:3)
  5 gnolls
  5 adders
  An adder skeleton (D:2)
  2 worms
  4 dart slugs
  A leopard gecko (D:3)
  16 orcs (D:3)
  8 bats
  5 giant cockroaches
  10 goblins
  4 hobgoblins
  5 quokkas (D:2)
  A ball python (D:3)
  2 frilled lizards
  11 kobolds
  4 rats
89 creatures vanquished.

Notes
Turn   | Place    | Note
-------+----------+-------------------------------------------
     0 | D:1      | Eurus the Demonspawn Fighter began the quest for the Orb.
     0 | D:1      | Reached XP level 1. HP: 18/18 MP: 1/1
   182 | D:1      | Gained mutation: You are partially covered in large bone
                  | plates. (SH +4) [demonic ancestry]
   182 | D:1      | Reached XP level 2. HP: 12/24 MP: 2/2
   904 | D:2      | Gained mutation: You have large cloven feet. [demonic
                  | ancestry]
   904 | D:2      | Reached XP level 3. HP: 18/29 MP: 3/3
  1242 | D:2      | Found a sparkling altar of Nemelex Xobeh.
  1298 | D:2      | Found a basalt altar of Yredelemnul.
  1424 | D:2      | Reached XP level 4. HP: 20/35 MP: 4/4
  2029 | D:3      | Found a shattered altar of Ashenzari.
  2049 | D:2      | Reached XP level 5. HP: 30/42 MP: 5/5
  2076 | D:3      | Noticed Robin
  2137 | D:3      | Noticed Jessica
  2153 | D:2      | Killed Jessica
  2476 | D:3      | Noticed Ijyb
  2476 | D:3      | Paralysed by Ijyb for 5 turns
  2587 | D:3      | Paralysed by Ijyb for 5 turns
  2624 | D:3      | Killed Ijyb
  2658 | D:3      | Gained mutation: You have hoof-like feet. [demonic
                  | ancestry]
  2658 | D:3      | Reached XP level 6. HP: 27/48 MP: 6/6
  2803 | D:3      | Killed Robin
  3060 | D:3      | Found an iron altar of Okawaru.
  3184 | D:3      | HP: 1/48 [something/magic dart (4)]
  3191 | D:3      | HP: 1/48 [something (1)]
  3197 | D:3      | Killed from afar by an orc wizard

Levels and vault maps discovered:
D:1:      wander_arrival_abandoned_jail, layout_loops_ring
D:2:      wad_woods_tower, layout_rooms, lemuel_round_altar, old_standard_altar,
          first_ration, minmay_parallelograms
D:3:      layout_basic, nicolae_overflow_crystal_walls, evilmike_ruin_ashenzari,
          uniq_jessica, uniq_robin, uniq_ijyb

Skill      XL: |  1  2  3  4  5  6 |
---------------+-------------------+-----
Maces & Flails | 2 3 4 |  4.0
Armour         | 3 |  3.6
Shields        | 3 |  3.7
Fighting       | 4 |  4.1

Action                   |  1- 3 |  4- 6 || total
-------------------------+-------+-------++-------
Melee: Flail             |   176 |   126 ||   302
       Kick              |    16 |    36 ||    52
       Mace              |       |    47 ||    47
  Use: Potion            |     1 |       ||     1
  Eat: Chunk             |     2 |     6 ||     8
Armor: Scale mail        |    72 |    64 ||   136
Dodge: Dodged            |    46 |    35 ||    81
Block: Kite shield       |   150 |   109 ||   259

Table legend:
 A = Non-vault XP
 B = Vault XP
 C = Vault XP percentage of total XP
 D = Non-vault monster count
 E = Vault monster count
 F = Vault count percentage of total count
                 A         B        C        D         E       F
            +---------+---------+-------+---------+---------+-------
      Total |     345 |     122 |  26.1 |      75 |      14 |  15.7
            +---------+---------+-------+---------+---------+-------
        D:1 |      37 |       0 |   0.0 |      21 |       0 |   0.0
        D:2 |     131 |      61 |  31.8 |      20 |       7 |  25.9
        D:3 |     177 |      61 |  25.6 |      34 |       7 |  17.1
            +---------+---------+-------+---------+---------+-------
